Map: Efflorescence LE

Players

qqq - Winner!

  • Race: Zerg Zerg
  • Spawn Location: 12:00

Massa - Winner!

  • Race: Terran Terran
  • Spawn Location: 3:00

SuperSam

  • Race: Protoss Protoss
  • Spawn Location: 6:00

DERASTAT

  • Race: Terran Terran
  • Spawn Location: 9:00

VOD

Have the link to the VOD?

Description

Time

  • Played on: April 6, 2021, 3:05 p.m.
  • Length: 5:00
Show
View Real Time Build Order
Export as new Build Order

qqq Zerg - Winner!

Build Orders: Hatch First 

Get SALT Encoding   

  12  0:01  Drone  
  13  0:21  Drone  
  14  0:24  Overlord  
  14  0:47  Hatchery  
  13  0:56  Drone x2  
  15  1:01  Drone  
  16  1:26  Spawning Pool  
  16  1:31  Extractor  
  14  1:47  Drone  
  14  1:48  Drone x2  
  16  2:00  Drone x2  
  18  2:10  Drone x2  
  18  2:13  Queen  
  18  2:15  Queen  
  24  2:22  Drone  
  25  2:26  Overlord  
  25  2:32  Metabolic Boost  
  25  2:36  Drone  
  26  2:39  Drone  
  26  2:43  Drone  
  28  2:47  Drone  
  29  2:52  Drone  
  29  2:53  Drone  
  31  3:03  Overlord  
  31  3:04  Drone  
  32  3:12  Evolution Chamber  
  32  3:14  Zergling x2  
  32  3:15  Zergling x2  
  33  3:21  Zergling x6  
  33  3:25  Zergling x6  
  39  3:28  Overlord  
  39  3:40  Spore Crawler  
  38  3:41  Spore Crawler  
  38  3:42  Queen  
  39  3:54  Queen  
  41  3:58  Zergling x2  
  41  3:59  Zergling x4  
  41  4:00  Zergling x2  
  45  4:08  Zergling x6  
  48  4:10  Drone  
  48  4:28  Zergling x6  
  48  4:29  Zergling x2  
  52  4:31  Overlord  
Show
View Real Time Build Order
Export as new Build Order

Massa Terran - Winner!

Build Orders:  

Get SALT Encoding   

  12  0:00  SCV  
  13  0:12  SCV  
  14  0:18  Supply Depot  
  14  0:24  SCV  
  15  0:39  SCV  
  15  0:41  Barracks  
  16  0:51  SCV  
  16  0:52  Refinery  
  16  0:57  Supply Depot  
  17  1:04  SCV  
  18  1:13  Barracks  
  18  1:16  SCV  
  19  1:28  SCV  
  19  1:32  Barracks  
  20  1:39  Reaper  
  21  1:42  SCV  
  22  1:55  SCV  
  23  2:02  Marine  
  23  2:07  Orbital Command  
  24  2:14  Barracks Tech Lab, Supply Depot  
  24  2:20  Marine  
  24  2:21  Marine  
  26  2:33  Marauder  
  26  2:36  Stimpack  
  28  2:38  Marine  
  28  2:39  Marine  
  30  2:54  Marauder  
  30  2:56  Marine x2  
  34  3:08  Supply Depot  
  34  3:13  Supply Depot  
  34  3:14  Marine x2  
  34  3:16  Marauder  
  38  3:31  Marine  
  38  3:32  Marine  
  40  3:37  Marauder  
  42  3:49  Marine  
  42  3:50  Marine  
  42  3:54  Engineering Bay  
  44  3:59  Marauder  
  44  4:11  Marine x2  
  40  4:20  Marauder  
  42  4:29  Marine x2  
  44  4:44  Missile Turret  
Show
View Real Time Build Order
Export as new Build Order

SuperSam Protoss 

Build Orders:  

Get SALT Encoding   

  12  0:00  Probe  
  13  0:12  Probe  
  14  0:19  Pylon  
  14  0:24  Probe  
  15  0:37  Probe  
  15  0:39  Gateway  
  16  0:49  Probe  
  17  0:58  Assimilator  
  17  1:01  Probe  
  18  1:12  Assimilator  
  18  1:13  Probe  
  19  1:18  Pylon  
  19  1:25  Probe  
  20  1:28  Cybernetics Core  
  20  1:37  Probe  
  21  1:54  Probe  
  22  2:05  Stargate  
  22  2:06  Probe  
  23  2:08  Adept  
  25  2:22  Pylon  
  25  2:47  Void Ray (Chrono Boost)  
  25  2:49  Stalker  
  27  2:56  Nexus  
  31  3:17  Void Ray  
  35  3:54  Stargate  
  35  4:01  Void Ray  
Show
View Real Time Build Order
Export as new Build Order

DERASTAT Terran 

Build Orders:  

Get SALT Encoding   

  12  0:01  SCV  
  13  0:13  SCV  
  14  0:18  Supply Depot  
  14  0:27  SCV  
  15  0:36  Refinery  
  15  0:41  Barracks  
  15  0:47  SCV  
  16  0:59  SCV  
  17  1:07  Refinery  
  17  1:11  SCV  
  18  1:27  SCV  
  18  1:29  Marine  
  20  1:33  Supply Depot  
  20  1:45  Factory  
  20  1:49  Orbital Command  
  20  2:01  Barracks Reactor  
  20  2:15  SCV  
  21  2:27  Supply Depot  
  21  2:30  Starport  
  21  2:36  Hellion  
  23  2:40  SCV  
  23  2:41  Marine x2  
  26  2:59  Marine x2  
  30  3:05  Hellion  
  30  3:13  Medivac  
  32  3:23  Supply Depot  
  34  3:27  Hellion  
  34  3:28  SCV  
  34  3:33  Marine x2  
  37  3:48  Hellion  
  39  3:49  SCV  
  39  3:52  Supply Depot  
  29  4:39  Marine x2  
  29  4:44  Barracks  
  31  4:45  Barracks  
  31  4:46  Barracks  
  31  4:48  Engineering Bay  
  31  4:49  Barracks  
Tags
 
Add a new tag
Caveats
  • Supply blocks, unpowered buildings, or Contaminate may cause inaccurate times.
  • Supply counts are checked every 10 seconds.